 Dungeon Crawl Stone Soup version 0.31-a0-692-gf03d1854d5 (webtiles) character file.

Game seed: 3179292430385606794

113 qw the Shooter (level 4, -2/28 HPs)
             Began as a Gargoyle Hunter on Sept 6, 2023.
             Slain by Ijyb
             ... wielding a +4 club
              (3 damage)
             ... on level 3 of the Dungeon.
             The game lasted 00:00:32 (1245 turns).

qw the Shooter (Gargoyle Hunter)                    Turns: 1245, Time: 00:00:32

Health: -2/28      AC: 10    Str: 14    XL:     4   Next: 96%
Magic:  4/4        EV:  7    Int: 10    God:
Gold:   96         SH:  0    Dex: 15    Spells: 3/3 levels left

rFire   . . .        Y - +1 shortbow
rCold   . . .        (shield currently unavailable)
rNeg    + . .        e - +0 ring mail
rPois   inf          b - +1 helmet
rElec   +            (no cloak)
rCorr   +            (no gloves)
SInv    .            (no boots)
Will    .....        (no amulet)
Stlth   +            h - ring of resist corrosion
HPRegen 0.24/turn    (no ring)
MPRegen 0.09/turn

%: no passive effects
@: about to teleport, grasped by roots, constricted
A: sickness immunity, AC +3, negative energy resistance 1, electricity
resistance, torment resistance 1, petrification resistance
a: no special abilities


You were on level 3 of the Dungeon.
You visited 1 branch of the dungeon, and saw 3 of its levels.

You collected 96 gold pieces.


Innate Abilities, Weirdness & Mutations

You are immune to sickness and miasma.
Your stone body is resilient. (AC +3)
You are immune to poison.
You resist negative energy. (rN+)
You are resistant to electric shocks. (rElec)
You are resistant to unholy torment.
You are immune to petrification.


   Skills:
 - Level 3.0 Fighting
 + Level 5.6 Ranged Weapons
 - Level 1.0 Armour
 - Level 1.5 Dodging
 - Level 1.1 Stealth


You had 3 spell levels left.
You didn't know any spells.
Your spell library was empty.

Inventory:

Hand Weapons
 Y - a +1 shortbow (weapon)
Armour
 b - a +1 helmet (worn)
 e - a +0 ring mail (worn)
Jewellery
 h - a ring of resist corrosion (left hand)
Scrolls
 i - a scroll of identify
Potions
 f - a potion of enlightenment
 j - a potion of haste

Dungeon Overview and Level Annotations

Branches:
Dungeon (3/15)

Altars:

Shops:
D:2 :

Annotations:
D:3 Ijyb


Message History

1211 ||| READING 3 scrolls of identify.
As you read the scroll of identify, it crumbles to dust.
f - a potion of enlightenment
1211 ||| IDENTIFYING bubbling golden potion Done exploring.
1212 ||| READING 2 scrolls of identify.
As you read the scroll of identify, it crumbles to dust.
l - a potion of lignification
1212 ||| IDENTIFYING sedimented grey potion Done exploring.
1213 ||| DROPPING 2 potions of magic.
You drop 2 potions of magic.
Done exploring.
1214 ||| DROPPING potion of lignification.
You drop a potion of lignification.
Done exploring.
What level of the Dungeon? (default 2, ? - help)
There is a stone staircase leading down here.
You climb downwards.
There is a stone staircase leading up here.
Waypoint 2 assigned to D:3.
Ijyb the Twisted Goblin comes into view.
She is wielding a +4 club and carrying a wand of roots.
You shoot an arrow. The arrow hits Ijyb but does no damage.
Ijyb hits you but does no damage.
You shoot an arrow. The arrow hits Ijyb!
Ijyb is moderately wounded.
Ijyb barely misses you.
You shoot an arrow. The arrow closely misses Ijyb.
Ijyb hits you with a +4 club.
You shoot an arrow. The arrow barely misses Ijyb.
Ijyb zaps a wand.
The roots erupt in riotous growth!
The grasping roots grab you!
Ijyb is unaffected.
The grasping roots constrict you. Ijyb hits you with a +4 club!
The grasping roots constrict you.
You shoot an arrow. The arrow barely misses Ijyb.
Ijyb hits you with a +4 club. The grasping roots constrict you.
1245 ||| READING scroll of teleportation.
As you read the scroll of teleportation, it crumbles to dust.
You feel strangely unstable. Ijyb hits you with a +4 club.
You die...

#
#.############
#..@.......<.#
#.g###########
#.. #.. #..
#.. #.. #..


You could see Ijyb.

Vanquished Creatures
  Natasha (twice) (D:2)
  Robin (D:2)
  A gnoll (D:1)
  A dart slug (D:1)
  An endoplasm (D:2)
  2 giant cockroaches
  11 goblins (D:2)
  5 hobgoblins
  5 kobolds
  A quokka (D:1)
  3 ball pythons (D:1)
  3 bats
  A frilled lizard (D:1)
37 creatures vanquished.

Notes
Turn   | Place    | Note
-------+----------+-------------------------------------------
     0 | D:1      | qw the Gargoyle Hunter began the quest for the Orb.
     0 | D:1      | Reached XP level 1. HP: 12/12 MP: 1/1
     0 | D:1      | 0 ||| qw: Version: 0.3-a-76-g4403597
     0 | D:1      | 0 ||| qw: Game counter: 238
     0 | D:1      | 0 ||| qw: Melee chars always use a shield: true
     0 | D:1      | 0 ||| qw: God list: Okawaru
     0 | D:1      | 0 ||| qw: Allow faded altars: false
     0 | D:1      | 0 ||| qw: Do Orc after clearing Dungeon:15 true
     0 | D:1      | 0 ||| qw: Do second Lair branch before Depths: true
     0 | D:1      | 0 ||| qw: Lair rune preference: random
     0 | D:1      | 0 ||| qw: Goals: Normal
     0 | D:1      | 0 ||| PLANNING D:1-11
    12 | D:1      | Reached XP level 2. HP: 15/17 MP: 2/2
    36 | D:1      | HP: 4/17 [kobold/+0 short sword (4)]
   452 | D:1      | Reached XP level 3. HP: 21/21 MP: 3/3
   618 | D:1      | 618 ||| UPGRADING to +0 ring mail.
   628 | D:1      | 628 ||| DROPPING +0 leather armour.
   629 | D:1      | 629 ||| UPGRADING to ring of resist corrosion.
   630 | D:1      | 630 ||| READING scroll labelled IWIDGH EROR.
   631 | D:1      | 631 ||| READING 2 scrolls labelled BYEXEYTZUTSA.
   632 | D:1      | 632 ||| READING scroll labelled UQOTODDULEK.
   635 | D:1      | 635 ||| DRINKING 3 blue potions.
   636 | D:1      | 636 ||| DRINKING 2 amethyst potions.
   637 | D:1      | 637 ||| DROPPING scroll of butterflies.
   823 | D:2      | Reached skill level 1 in Armour
   833 | D:2      | Noticed Natasha
   838 | D:2      | Killed Natasha
   839 | D:2      | Reached skill level 5 in Ranged Weapons
   839 | D:2      | Reached XP level 4. HP: 26/26 MP: 4/4
   850 | D:2      | Noticed Robin
   855 | D:2      | HP: 4/27 [Robin/puff of flame (5)]
   856 | D:2      | 856 ||| READING scroll of teleportation.
   857 | D:2      | 857 ||| DRINKING 2 potions of heal wounds.
   876 | D:2      | Found Bilooteg's Book Shop.
   900 | D:2      | 900 ||| Stepping ~*~*~tactically~*~*~ (outnumbered).
   902 | D:2      | 902 ||| Stepping ~*~*~tactically~*~*~ (outnumbered).
   911 | D:2      | Killed Robin
   928 | D:2      | HP: 5/27 [goblin/sling bullet[Robin] (2)]
   929 | D:2      | 929 ||| DRINKING potion of heal wounds.
   945 | D:2      | Reached skill level 3 in Fighting
  1137 | D:2      | Noticed Natasha
  1141 | D:2      | Killed Natasha
  1205 | D:2      | 1205 ||| UPGRADING to +1 helmet.
  1210 | D:2      | 1210 ||| DRINKING 3 fuming cyan potions.
  1211 | D:2      | 1211 ||| READING 3 scrolls of identify.
  1211 | D:2      | 1211 ||| IDENTIFYING bubbling golden potion
  1212 | D:2      | 1212 ||| READING 2 scrolls of identify.
  1212 | D:2      | 1212 ||| IDENTIFYING sedimented grey potion
  1213 | D:2      | 1213 ||| DROPPING 2 potions of magic.
  1214 | D:2      | 1214 ||| DROPPING potion of lignification.
  1239 | D:3      | Noticed Ijyb
  1244 | D:3      | HP: 5/28 [Ijyb/+4 club (6)]
  1244 | D:3      | HP: 1/28 [constriction (4)]
  1245 | D:3      | 1245 ||| READING scroll of teleportation.
  1245 | D:3      | Slain by Ijyb

Levels and vault maps discovered:
D:1:      dpeg_arrival_central, layout_basic
D:2:      layout_loops_ring, serial_shops, nicolae_shop_tiny_real_fake_doors,
          uniq_robin, uniq_natasha
D:3:      minmay_recursive_quarters, layout_basic, nicolae_ashenzari_skybound,
          nicolae_ecumenical_pavilion, gammafunk_ghost_split,
          minmay_fountain_box, amcnicky_mini_rare_corridor_liquid,
          amcnicky_mini_corridor_feature, grunt_ministairs_12, uniq_ijyb

Skill      XL: |  1  2  3  4 |
---------------+-------------+-----
Armour         | 1 |  1.0
Ranged Weapons | 5 |  5.6
Fighting       | 3 |  3.0
Dodging        | |  1.5
Stealth        | |  1.1

Action                     |  1- 3 |  4- 6 || total
---------------------------+-------+-------++-------
   Fire: Shortbow          |    62 |    56 ||   118
    Use: Scroll            |     3 |     4 ||     7
         Potion            |     2 |     3 ||     5
 Armour: Leather armour    |    10 |       ||    10
         Ring mail         |     4 |    38 ||    42
  Dodge: Dodged            |     6 |    18 ||    24

Table legend:
 A = Non-vault XP
 B = Vault XP
 C = Vault XP percentage of total XP
 D = Non-vault monster count
 E = Vault monster count
 F = Vault count percentage of total count
                 A         B        C        D         E       F
            +---------+---------+-------+---------+---------+-------
      Total |      89 |      73 |  45.1 |      24 |      13 |  35.1
            +---------+---------+-------+---------+---------+-------
        D:1 |      36 |       0 |   0.0 |      14 |       0 |   0.0
        D:2 |      53 |      73 |  57.9 |      10 |      13 |  56.5
            +---------+---------+-------+---------+---------+-------
